 Dungeon Crawl Stone Soup version 0.26-a0-1040-gbe3abf3417 (webtiles) character file.

Game seed: 4325559664834467268

92 robertstho the Chiller (level 4, 0/32 HPs)
             Began as a Gnoll Ice Elementalist on Dec 11, 2020.
             Slain by a water moccasin (6 damage)
             ... on level 2 of the Dungeon.
             The game lasted 00:07:20 (2156 turns).

robertstho the Chiller (Gnoll Ice Elementalist)     Turns: 2156, Time: 00:07:21

Health: 0/32       AC:  2    Str: 10    XL:     4   Next: 60%
Magic:  8/11       EV: 15    Int: 18    God:
Gold:   149        SH:  0    Dex: 16    Spells: 12/13 levels left

rFire    . . .     SeeInvis .   n - +0 morningstar
rCold    . . .     Faith    .   (no shield)
rNeg     . . .     Spirit   .   a - +0 robe
rPois    .         Reflect  .   (no helmet)
rElec    .         Harm     .   (no cloak)
rCorr    +         Rampage  .   (no gloves)
Will     .....                  (no boots)
Stlth    +++.......             (no amulet)
HPRegen  0.10/turn              e - ring of resist corrosion
MPRegen  0.12/turn              (no ring)

@: no status effects
A: distributed training, fangs 1, strong nose
a: no special abilities


You were on level 2 of the Dungeon.
You visited 1 branch of the dungeon, and saw 2 of its levels.

You collected 149 gold pieces.

Inventory:

Hand Weapons
 d - a +0 mace
 n - a +0 morningstar (weapon)
Missiles
 g - 3 datura-tipped darts
 h - 28 bolts
 i - 32 stones
 m - 19 poisoned darts
Armour
 a - a +0 robe (worn)
Jewellery
 e - a ring of resist corrosion (left hand)
 f - a +4 ring of protection {unknown}
Wands
 l - a wand of enslavement (6)
Scrolls
 b - 2 scrolls of identify {unknown}
 j - a scroll of blinking {unknown}
 k - a scroll of immolation {unknown}
 p - a scroll of fog {unknown}
 q - a scroll of enchant armour {unknown}
Potions
 c - 4 potions of curing
 o - a potion of flight {unknown}


   Skills:
 + Level 1.2 Fighting
 + Level 1.2 Short Blades
 + Level 1.2 Long Blades
 + Level 1.2 Axes
 + Level 1.2 Maces & Flails
 + Level 1.2 Polearms
 + Level 1.2 Staves
 + Level 1.2 Slings
 + Level 1.2 Bows
 + Level 1.2 Crossbows
 + Level 1.2 Throwing
 + Level 1.2 Armour
 + Level 4.6 Dodging
 + Level 4.3 Stealth
 + Level 1.2 Shields
 + Level 1.2 Unarmed Combat
 + Level 5.1 Spellcasting
 + Level 1.0 Conjurations
 + Level 1.0 Hexes
 + Level 1.0 Summonings
 + Level 1.0 Necromancy
 + Level 1.0 Translocations
 + Level 1.0 Transmutations
 + Level 1.0 Fire Magic
 + Level 7.1 Ice Magic
 + Level 1.0 Air Magic
 + Level 1.0 Earth Magic
 + Level 1.0 Poison Magic
 + Level 1.3 Invocations
 + Level 1.2 Evocations


You had 12 spell levels left.
You knew the following spells:

 Your Spells              Type           Power        Failure   Level
a - Freeze                Ice            ####         1%          1

Your spell library contained the following spells:

 Spells                   Type           Power        Failure   Level
 Frozen Ramparts          Ice            ####..       1%          3
 Ozocubu's Armour         Ice            ####....     1%          3
 Hailstorm                Conj/Ice       ###.....     24%         4
 Summon Ice Beast         Ice/Summ       ###.....     24%         4


Dungeon Overview and Level Annotations

Branches:
Dungeon (2/15)

Altars:


Innate Abilities, Weirdness & Mutations

Your experience applies equally to all skills.
You have very sharp teeth.
Your uncanny sense of smell can sniff out nearby items.


Message History

You freeze the water moccasin.
The water moccasin is lightly wounded.
The water moccasin barely misses you.
Casting: Freeze (safe; 1% risk of failure)
Confirm with . or Enter, or press ? or * to list all spells.
Aiming: Freeze (safe; 1% risk of failure)
Press: ? - help, Shift-Dir - straight line, f/p - water moccasin
Aim: a water moccasin (lightly wounded)
You freeze the water moccasin!
The water moccasin is heavily wounded.
The water moccasin barely misses you. The water moccasin closely misses you.
Casting: Freeze (safe; 1% risk of failure)
Confirm with . or Enter, or press ? or * to list all spells.
Aiming: Freeze (safe; 1% risk of failure)
Press: ? - help, Shift-Dir - straight line, f/p - water moccasin
Aim: a water moccasin (heavily wounded)
You freeze the water moccasin.
The water moccasin is severely wounded.
The water moccasin bites you.
You die...

.. ...####.# #....#...
### ####....#..# #..
..##....#..# # #.#
#.##...[#).####.### #.#
#.##............... #.#
#.##......S@.......
#.####.##.####>......#.#
'.).....................
#.######.#..............
#.# #.###.........$..
#+### #.# #..##..#....#
....# #.# #..##..##...#
....# ##.###..##........
....# #...#.... .......


You could see a water moccasin.

Vanquished Creatures
  5 gnolls
  A worm (D:2)
  A leopard gecko (D:1)
  5 bats
  A giant cockroach (D:2)
  5 hobgoblins
  6 kobolds
  A quokka (D:2)
  4 frilled lizards
  6 goblins
  A jackal skeleton (D:2)
  6 rats
42 creatures vanquished.

Notes
Turn   | Place    | Note
-------+----------+-------------------------------------------
     0 | D:1      | robertstho the Gnoll Ice Elementalist began the quest for
                  | the Orb.
     0 | D:1      | Reached XP level 1. HP: 13/13 MP: 6/6
   329 | D:1      | Reached XP level 2. HP: 19/19 MP: 7/7
   752 | D:1      | Reached skill level 5 in Spellcasting
   752 | D:1      | Reached XP level 3. HP: 23/25 MP: 2/9
  1032 | D:2      | Reached skill level 1 in Invocations
  1034 | D:2      | Reached skill level 1 in Fighting
  1034 | D:2      | Reached skill level 1 in Short Blades
  1034 | D:2      | Reached skill level 1 in Long Blades
  1034 | D:2      | Reached skill level 1 in Axes
  1034 | D:2      | Reached skill level 1 in Maces & Flails
  1034 | D:2      | Reached skill level 1 in Polearms
  1034 | D:2      | Reached skill level 1 in Staves
  1034 | D:2      | Reached skill level 1 in Slings
  1034 | D:2      | Reached skill level 1 in Bows
  1034 | D:2      | Reached skill level 1 in Crossbows
  1034 | D:2      | Reached skill level 1 in Throwing
  1034 | D:2      | Reached skill level 1 in Armour
  1034 | D:2      | Reached skill level 1 in Shields
  1034 | D:2      | Reached skill level 1 in Unarmed Combat
  1034 | D:2      | Reached skill level 1 in Evocations
  1288 | D:1      | Reached XP level 4. HP: 13/32 MP: 8/11
  1757 | D:2      | Found a faded altar of an unknown god.
  1937 | D:2      | Reached skill level 1 in Conjurations
  1937 | D:2      | Reached skill level 1 in Hexes
  1937 | D:2      | Reached skill level 1 in Summonings
  1937 | D:2      | Reached skill level 1 in Necromancy
  1937 | D:2      | Reached skill level 1 in Translocations
  1937 | D:2      | Reached skill level 1 in Transmutations
  1937 | D:2      | Reached skill level 1 in Fire Magic
  1937 | D:2      | Reached skill level 1 in Air Magic
  1937 | D:2      | Reached skill level 1 in Earth Magic
  1937 | D:2      | Reached skill level 1 in Poison Magic
  2142 | D:2      | Noticed a water moccasin
  2151 | D:2      | HP: 1/32 [poisoned by a water moccasin]
  2156 | D:2      | Slain by a water moccasin

Illustrated notes

Levels and vault maps discovered:
D:1:      onia_arrival_mini_spirals, layout_basic, minmay_tripent
D:2:      minmay_general_purpose_star, layout_basic,
          chequers_ecumenical_altar_simple_redux, hex_large,
          uniq_crazy_yiuf_cottage

Skill      XL: |  1  2  3  4 |
---------------+-------------+-----
Spellcasting   | 5 |  5.1
Invocations    | 1 |  1.3
Fighting       | 1 |  1.2
Short Blades   | 1 |  1.2
Long Blades    | 1 |  1.2
Axes           | 1 |  1.2
Maces & Flails | 1 |  1.2
Polearms       | 1 |  1.2
Staves         | 1 |  1.2
Slings         | 1 |  1.2
Bows           | 1 |  1.2
Crossbows      | 1 |  1.2
Throwing       | 1 |  1.2
Armour         | 1 |  1.2
Shields        | 1 |  1.2
Unarmed Combat | 1 |  1.2
Evocations     | 1 |  1.2
Conjurations   | 1 |  1.0
Hexes          | 1 |  1.0
Summonings     | 1 |  1.0
Necromancy     | 1 |  1.0
Translocations | 1 |  1.0
Transmutations | 1 |  1.0
Fire Magic     | 1 |  1.0
Air Magic      | 1 |  1.0
Earth Magic    | 1 |  1.0
Poison Magic   | 1 |  1.0
Dodging        | |  4.6
Stealth        | |  4.3
Ice Magic      | |  7.1

Action                   |  1- 3 |  4- 6 || total
-------------------------+-------+-------++-------
Melee: Unarmed           |     4 |       ||     4
       Mace              |    29 |     7 ||    36
       Bite              |     1 |     2 ||     3
       Morningstar       |       |    25 ||    25
 Cast: Freeze            |    26 |    19 ||    45
  Use: Potion            |       |     2 ||     2
 Stab: Sleeping          |     3 |     2 ||     5
Armor: Robe              |    14 |     4 ||    18
Dodge: Dodged            |    61 |    48 ||   109

Table legend: (Time is in decaauts)
 A = Elapsed time spent in this place.
 B = Non-inter-level travel time spent in this place.
 C = Inter-level travel time spent in this place.
 D = Time resting spent in this place.
 E = Time spent auto-exploring this place.
 F = Levels seen in this place.
 G = Mean time per level.
                   A        B        C        D        E       F      G
               +--------+--------+--------+--------+--------+-----+--------+
         Total |   2181 |   2136 |     45 |    436 |   1342 |   2 | 1090.5 |
       Dungeon |   2181 |   2136 |     45 |    436 |   1342 |   2 | 1090.5 |
               +--------+--------+--------+--------+--------+-----+--------+

Top non-repeatable levels by time:
     D:1: 1480 daAuts
     D:2: 700 daAuts
